 Dungeon Crawl Stone Soup version 0.28-a0-750-g7c675f85b1 (webtiles) character file.

Game seed: 13818453838975609827

57 Rennog the Shield-Bearer (level 4, -1/41 HPs)
             Began as a Gnoll Fighter on Oct 29, 2021.
             Succumbed to a kobold's poison
             ... on level 2 of the Dungeon.
             The game lasted 00:01:31 (1027 turns).

Rennog the Shield-Bearer (Gnoll Fighter)            Turns: 1027, Time: 00:01:32

Health: -1/41      AC:  7    Str: 16    XL:     4   Next: 0%
Magic:  5/5        EV:  9    Int:  7    God:
Gold:   41         SH:  5    Dex: 12    Spells: 5/5 levels left

rFire   . . .      SeeInvis .   a - +0 war axe
rCold   . . .      Faith    .   c - +0 buckler
rNeg    . . .      Spirit   .   b - +0 scale mail
rPois   .          Reflect  .   (no helmet)
rElec   .          Harm     .   (no cloak)
rCorr   .          Rampage  .   (no gloves)
Will    .....                   (no boots)
Stlth   ..........              (no amulet)
HPRegen 0.13/turn               (no ring)
MPRegen 0.09/turn               (no ring)

@: mighty, lethally poisoned (-1 -> -15)
A: fangs 1, strong nose, distributed training
a: no special abilities


You were on level 2 of the Dungeon.
You visited 1 branch of the dungeon, and saw 2 of its levels.

You collected 41 gold pieces.

Inventory:

Hand Weapons
 a - a +0 war axe (weapon)
Armour
 b - a +0 scale mail (worn)
 c - a +0 buckler (worn)
 g - a +0 plate armour
Scrolls
 e - 2 scrolls of fog {unknown}
 f - a scroll of fear {unknown}
 h - 3 scrolls of noise {unknown}
 i - 2 scrolls of enchant weapon {unknown}
 j - 4 scrolls of identify {unknown}
 k - a scroll of teleportation {unknown}


   Skills:
 + Level 6.5 Fighting
 + Level 1.0 Short Blades
 + Level 1.0 Long Blades
 + Level 4.6 Axes
 + Level 1.0 Maces & Flails
 + Level 1.0 Polearms
 + Level 1.0 Staves
 + Level 1.0 Slings
 + Level 1.0 Bows
 + Level 1.0 Crossbows
 + Level 1.0 Throwing
 + Level 6.5 Armour
 + Level 1.0 Dodging
 + Level 1.0 Stealth
 + Level 6.5 Shields
 + Level 1.0 Unarmed Combat
 + Level 1.0 Spellcasting
 + Level 0.7 Conjurations
 + Level 0.7 Hexes
 + Level 0.7 Summonings
 + Level 0.7 Necromancy
 + Level 0.7 Translocations
 + Level 0.7 Transmutations
 + Level 0.7 Fire Magic
 + Level 0.7 Ice Magic
 + Level 0.7 Air Magic
 + Level 0.7 Earth Magic
 + Level 0.7 Poison Magic
 + Level 1.1 Invocations
 + Level 1.0 Evocations


You had 5 spell levels left.
You didn't know any spells.
Your spell library contained the following spells:

 Spells                   Type           Power      Damage    Failure   Level
 Sublimation of Blood     Necr           0%         N/A       83%         2
 Wereblood                Tmut           1%         N/A       83%         2
 Summon Hydra             Summ           0%         N/A       100%        7


Dungeon Overview and Level Annotations

Branches:
Dungeon (2/15)

Altars:


Innate Abilities, Weirdness & Mutations

You have very sharp teeth.
Your uncanny sense of smell can sniff out nearby items.
Your experience applies equally to all skills.


Message History

The goblin shouts!
You block the kobold's attack.
You see here a giant cockroach corpse.
You miss the kobold. The kobold hits you but does no damage.
You are poisoned.
Your scale mail prevents you from hitting the kobold.
You feel sick.
The kobold hits you with a +0 dagger of venom.
The kobold hits you but does no damage.
You are more poisoned.
You hit the kobold.
The kobold is moderately wounded.
You feel very sick. The kobold barely misses you.
You closely miss the kobold.
The kobold is moderately wounded.
You feel very sick. The kobold hits you but does no damage.
You are more poisoned.
You barely miss the kobold.
The kobold is moderately wounded.
You feel very sick. The kobold hits you but does no damage.
You are lethally poisoned!
You slash the kobold!
You kill the kobold!
You hit the worm.
You feel very sick. The worm bites you!
* * * LOW HITPOINT WARNING * * *
You have reached level 4!
You feel agile.
You feel very mighty all of a sudden.
* * * LOW HITPOINT WARNING * * *
You feel very sick. You block the goblin's attack. The worm barely misses you.
You slash the goblin!
You kill the goblin!
You slash the worm!
You die...

##.......###
#..####.#
###...### #..#
#...# #..# #####
##..# #...#
######.#########
.................
..####....#...##.
#.@..# ..# #)w..#
.# ∆ .....## ..
...#...# .?
#....#...# . #...
#..## #.# #..# ..
..##


You could see a worm.

Vanquished Creatures
  An adder (D:2)
  A gnoll (D:1)
  2 bats (D:1)
  4 endoplasms
  3 giant cockroaches
  5 hobgoblins (D:1)
  3 quokkas
  2 ball pythons (D:1)
  A frilled lizard (D:1)
  5 goblins
  6 kobolds
  A rat (D:1)
34 creatures vanquished.

Notes
Turn   | Place    | Note
-------+----------+-------------------------------------------
     0 | D:1      | Rennog the Gnoll Fighter began the quest for the Orb.
     0 | D:1      | Reached XP level 1. HP: 23/23 MP: 1/1
    35 | D:1      | Reached XP level 2. HP: 29/29 MP: 2/2
   202 | D:1      | Reached XP level 3. HP: 30/35 MP: 3/3
   492 | D:1      | Reached skill level 1 in Invocations
   930 | D:2      | Reached skill level 1 in Short Blades
   930 | D:2      | Reached skill level 1 in Long Blades
   930 | D:2      | Reached skill level 1 in Maces & Flails
   930 | D:2      | Reached skill level 1 in Polearms
   930 | D:2      | Reached skill level 1 in Staves
   930 | D:2      | Reached skill level 1 in Slings
   930 | D:2      | Reached skill level 1 in Bows
   930 | D:2      | Reached skill level 1 in Crossbows
   930 | D:2      | Reached skill level 1 in Throwing
   930 | D:2      | Reached skill level 1 in Dodging
   930 | D:2      | Reached skill level 1 in Stealth
   930 | D:2      | Reached skill level 1 in Unarmed Combat
   930 | D:2      | Reached skill level 1 in Spellcasting
   930 | D:2      | Reached skill level 1 in Evocations
  1026 | D:2      | Reached XP level 4. HP: 7/41 MP: 5/5
  1027 | D:2      | Succumbed to a kobold's poison

Illustrated notes

Levels and vault maps discovered:
D:1:      lemuel_arrival_muddy, layout_basic
D:2:      minmay_recursive_quarters, layout_loops_ring, uniq_robin

Skill      XL: |  1  2  3 |
---------------+----------+-----
Invocations    | 1 |  1.1
Short Blades   | 1 |  1.0
Long Blades    | 1 |  1.0
Maces & Flails | 1 |  1.0
Polearms       | 1 |  1.0
Staves         | 1 |  1.0
Slings         | 1 |  1.0
Bows           | 1 |  1.0
Crossbows      | 1 |  1.0
Throwing       | 1 |  1.0
Dodging        | 1 |  1.0
Stealth        | 1 |  1.0
Unarmed Combat | 1 |  1.0
Spellcasting   | 1 |  1.0
Evocations     | 1 |  1.0
Fighting       | |  6.5
Axes           | |  4.6
Armour         | |  6.5
Shields        | |  6.5
Conjurations   | |  0.7
Hexes          | |  0.7
Summonings     | |  0.7
Necromancy     | |  0.7
Translocations | |  0.7
Transmutations | |  0.7
Fire Magic     | |  0.7
Ice Magic      | |  0.7
Air Magic      | |  0.7
Earth Magic    | |  0.7
Poison Magic   | |  0.7

Action                   |  1- 3 |  4- 6 || total
-------------------------+-------+-------++-------
Melee: War axe           |    89 |     1 ||    90
       Bite              |     4 |       ||     4
  Use: Potion            |       |     1 ||     1
Armor: Scale mail        |    47 |       ||    47
       Plate armour      |    14 |       ||    14
Dodge: Dodged            |    38 |     1 ||    39
Block: Buckler           |    25 |     1 ||    26

Table legend: (Time is in decaauts)
 A = Elapsed time spent in this place.
 B = Non-inter-level travel time spent in this place.
 C = Inter-level travel time spent in this place.
 D = Time resting spent in this place.
 E = Time spent auto-exploring this place.
 F = Levels seen in this place.
 G = Mean time per level.
                   A        B        C        D        E       F      G
               +--------+--------+--------+--------+--------+-----+--------+
         Total |   1054 |   1008 |     46 |      0 |    779 |   2 |  527.0 |
       Dungeon |   1054 |   1008 |     46 |      0 |    779 |   2 |  527.0 |
               +--------+--------+--------+--------+--------+-----+--------+

Top non-repeatable levels by time:
     D:1: 758 daAuts
     D:2: 295 daAuts
